 Dungeon Sprint DCSS version 0.17.1-3-g152610e (webtiles) character file.

7 Kokonut the Conjurer (level 1, -1/18 HPs)
             Began as a Deep Elf Conjurer on Mar 31, 2016.
             Slain by a naga
             ... wielding a +0 hand axe
              (3 damage)
             ... in the Dungeon (Sprint V: "Ziggurat Sprint").
             The game lasted 00:01:42 (48 turns).

Kokonut the Conjurer (Deep Elf Conjurer)              Turns: 48, Time: 00:01:42

Health: -1/18      AC:  2    Str: 10    XL:     1   Next: 91%
Magic:  9/13       EV: 10    Int: 25    God:
Gold:   0          SH:  0    Dex: 15    Spells: 1 memorised, 7 levels left

rFire  . . .     SeeInvis .     M - +6 Majin-Bo {vamp, Archmagi MP+6 Int+6}
rCold  . . .     Clarity  .     a - +0 robe
rNeg   . . .     SustAt   .     (shield currently unavailable)
rPois  .         Gourm    .     (no helmet)
rElec  .         Spirit   .     (no cloak)
rCorr  .         Warding  .     (no gloves)
rMut   .         NoTele   +     (no boots)
MR     .....                    (no amulet)
Stlth  ..........               (no ring)
                                (no ring)

@: berserking, lethally poisoned (-1 -> -4), constricted, very quick, not
resistant to hostile enchantments, extremely unstealthy
A: no striking features
a: no special abilities


You were in the Dungeon.
You were not hungry.

You visited 1 branch

Inventory:

Hand Weapons
 M - the +6 Majin-Bo (weapon) {vamp, Archmagi MP+6 Int+6}
   (You found it in the Dungeon)

   It inflicts no extra harm, but heals its wielder somewhat when it strikes a
   living foe.
   It affects your intelligence (+6).
   It affects your magic capacity (+6).
Armour
 a - a +0 robe (worn)
Magical Staves
 C - an uncursed staff of energy
Jewellery
 E - a +6 ring of dexterity
 F - a +6 ring of dexterity
 G - a +6 ring of intelligence
 H - a +6 ring of intelligence
 I - a +6 ring of strength
 J - a +6 ring of strength
 K - an uncursed ring of flight
Wands
 y - a wand of disintegration (7)
 z - a wand of fire (5)
 A - a wand of cold (5)
 B - a wand of draining (5)
Scrolls
 i - 4 scrolls of blinking
 p - 4 scrolls of amnesia
 q - 3 scrolls of recharging
 r - 7 scrolls of fog
 s - a scroll of holy word
 t - 5 scrolls of identify
 u - 5 scrolls of remove curse
 v - 2 scrolls of fear
Potions
 d - 10 potions of curing
 e - 10 potions of heal wounds
 f - 6 potions of haste
 g - 7 potions of magic
 h - 2 potions of berserk rage
 j - 2 potions of brilliance
 k - 2 potions of invisibility
 l - 4 potions of resistance
 m - a potion of experience
 n - 5 potions of agility
 o - 5 potions of might
Books
 b - a book of Conjurations

   Spells                             Type                      Level
   a - Magic Dart                     Conjuration                  1
   b - Searing Ray                    Conjuration                  2
   c - Dazzling Spray                 Conjuration/Hexes            3
   d - Fulminant Prism                Conjuration/Hexes            4
   e - Iskenderun's Mystic Blast      Conjuration                  4
   f - Iskenderun's Battlesphere      Conjuration/Charms           5
Miscellaneous
 D - a crystal ball of energy
 L - a disc of storms
Comestibles
 c - 5 bread rations
 w - 39 fruits
 x - 4 meat rations


   Skills:
 + Level 1.1 Fighting
 - Level 2.4 Dodging
 - Level 2.4 Stealth
 + Level 4.0 Spellcasting
 * Level 5.4 Conjurations


You had 7 spell levels left.
You knew the following spells:

 Your Spells              Type           Power        Failure   Level  Hunger
a - Magic Dart            Conj           ####         1%          1    None


Dungeon Overview and Level Annotations

Branches:
Dungeon (1/1)

Altars:
Ashenzari
Cheibriados
Dithmenos
Elyvilon
Fedhas
Gozag
Kikubaaqudgha
Makhleb
Nemelex Xobeh
Okawaru
Qazlal
Ru
Sif Muna
Trog
Vehumet
Xom
Yredelemnul
Zin
The Shining One
Beogh
Jiyva
Lugonu


Message History

You hit the naga.
You feel better.
The naga is heavily wounded.
The naga spits poison at you. The splash of poison hits you!
You are poisoned.
The naga constricts you.
You hit the naga.
The naga is heavily wounded.
You feel sick. The naga closely misses you. The naga constricts you.
You barely miss the naga.
The naga is heavily wounded.
You sock the naga!
You feel better.
The naga is severely wounded.
The naga barely misses you. The naga constricts you.
You closely miss the naga.
The naga is severely wounded.
You feel sick. The naga hits you with a hand axe!
Ouch! That really hurt!
* * * LOW HITPOINT WARNING * * *
You die...

▓▓▓▓▓▓▓
▓.8©8.▓
▓.....▓
▓.).}.▓
▓.....▓
▓...N.▓
▓..@..▓
▓▓▓▓▓▓▓


You could see a naga.

Vanquished Creatures
  An adder (D)
1 creature vanquished.

Notes
Turn   | Place    | Note
--------------------------------------------------------------
     0 | D        | Kokonut the Deep Elf Conjurer began the quest for the Orb.
     0 | D        | Reached XP level 1. HP: 10/10 MP: 6/6
     0 | D        | Found a roughly hewn altar of Beogh.
     0 | D        | Found a corrupted altar of Lugonu.
     0 | D        | Found a viscous altar of Jiyva.
     0 | D        | Found a white marble altar of Elyvilon.
     0 | D        | Found a sparkling altar of Nemelex Xobeh.
     0 | D        | Found a burning altar of Makhleb.
     0 | D        | Found an iron altar of Okawaru.
     0 | D        | Found a deep blue altar of Sif Muna.
     0 | D        | Found a radiant altar of Vehumet.
     0 | D        | Found a bloodstained altar of Trog.
     0 | D        | Found a shimmering altar of Xom.
    39 | D        | Entered arena 1.
    39 | D        | Noticed a naga
    42 | D        | Reached skill level 1 in Fighting
    42 | D        | Reached skill level 5 in Conjurations
    48 | D        | Slain by a naga

Action                   || total
-------------------------++-------
Melee: Quarterstaff      ||     8
  Use: Potion            ||     1
  Eat: Fruit             ||     3
